 Seeded DCSS version 0.29.1-15-g9cfb28693d (webtiles) character file.

Game seed: 6320845443627075161 (custom seed)

29918 Psyclone the Thaumaturge (level 13, -4/80 HPs)
             Began as a Deep Elf Fire Elementalist on Sept 23, 2023.
             Was a Believer of Ashenzari.
             Killed from afar by an orc sorcerer (17 damage)
             ... with a bolt of fire
             ... on level 2 of the Orcish Mines.
             The game lasted 01:30:37 (17849 turns).

Psyclone the Thaumaturge (DEFE)                    Turns: 17849, Time: 01:30:38

Health: -4/80      AC: 13    Str:  5    XL:     13   Next: 17%
Magic:  37/43      EV: 16    Int: 26    God:    Ashenzari [**....]
Gold:   1343       SH:  0    Dex: 15    Spells: 9/42 levels left

rFire   . . .      SeeInvis +   a - staff of air
rCold   . . .      Faith    .   (no shield)
rNeg    . . .      Spirit   .   c - +2 robe {Will+}
rPois   +          Reflect  .   l - +1 hat {Stlth+}
rElec   +          Harm     .   F - +1 cloak "I Foresaw This" {rPois, Bglg, Alch} (curse)
rCorr   .          Rampage  .   H - +0 pair of gloves
Will    ++...                   G - +0 pair of boots
Stlth   +++.......              z - amulet of magic regeneration
HPRegen 0.23/turn               n - ring of Ashenzari's Annoyance {MP+9, Elem, Self} (curse)
MPRegen 0.68/turn               W - ring of the Bound Sphere {AC+4, Alch, Elem} (curse)

@: radiating poison, studying Ranged Weapons
A: no striking features
a: Renounce Religion, Shatter the Chains


You were on level 2 of the Orcish Mines.
You worshipped Ashenzari.
Ashenzari was pleased with you.
You visited 3 branches of the dungeon, and saw 14 of its levels.
You also visited: Bailey and Gauntlet.

You collected 2023 gold pieces.
You spent 680 gold pieces at shops.

Inventory:

Hand Weapons
 b - a +4 dagger of freezing
Missiles
 J - 2 throwing nets {!f}
 X - a curare-tipped dart
Armour
 c - a +2 robe of willpower (worn)
 d - a +0 robe of fire resistance
 l - a +1 hat of stealth (worn)
 F - the cursed +1 cloak "I Foresaw This" (worn) {rPois, Bglg, Alch}
   (You took it off Crazy Yiuf on level 3 of the Dungeon)

   It has a curse which improves the following skills: Beguiling: Conjurations,
   Hexes and Translocations.
   Alchemy:   Poison Magic and Transmutations.
 G - a +0 pair of boots (worn)
 H - a +0 pair of gloves (worn)
Magical Staves
 a - a staff of air (weapon)
 T - a staff of fire
 Y - a staff of poison
Jewellery
 i - the ring "Xushemisch" {rElec rF+}
   (You found it in a Gauntlet)

   [ring of protection from fire]

   rF:        It protects you from fire.
   rElec:     It insulates you from electricity.
 n - the cursed ring of Ashenzari's Annoyance (left hand) {MP+9, Elem, Self}
   (You found it on level 2 of the Dungeon)

   [ring of magical power]

   MP:        It affects your magic capacity (+9).
   It has a curse which improves the following skills: Elements: Fire Magic, Ice
   Magic, Air Magic and Earth Magic.
   Introspection: Fighting and Spellcasting.
 z - an amulet of magic regeneration (around neck)
 E - a ring of willpower
 M - a ring of resist corrosion
 Q - a ring of protection from fire
 U - a ring of positive energy
 V - a ring of magical power
 W - the cursed ring of the Bound Sphere (right hand) {AC+4, Alch, Elem}
   (You took it off a vampire on level 11 of the Dungeon)

   [ring of protection]

   AC:        It affects your AC (+4).
   It has a curse which improves the following skills: Alchemy: Poison Magic and
   Transmutations.
   Elements:  Fire Magic, Ice Magic, Air Magic and Earth Magic.
Wands
 p - a wand of flame (42)
 q - a wand of mindburst (16)
 C - a wand of digging (5)
 P - a wand of roots (6)
Scrolls
 h - 4 scrolls of magic mapping
 k - 2 scrolls of vulnerability
 o - 9 scrolls of identify {@r1}
 r - a scroll of blinking
 t - 3 scrolls of amnesia
 v - 2 scrolls of acquirement
 x - 2 scrolls of noise
 y - 3 scrolls of enchant weapon
 A - 3 scrolls of summoning
 B - a scroll of poison
 D - a scroll of silence {!r}
 I - a scroll of enchant armour
 L - 9 scrolls of teleportation
 O - 4 scrolls of butterflies
Potions
 e - 17 potions of curing
 f - 5 potions of haste
 g - 4 potions of magic
 j - 5 potions of brilliance
 m - 3 potions of flight
 s - 4 potions of might
 u - 2 potions of lignification
 w - 5 potions of degeneration
 K - 2 potions of attraction
 N - a potion of invisibility
 R - a potion of ambrosia
 S - 2 potions of resistance
Miscellaneous
 Z - a box of beasts


   Skills:
 + Level 8.3(9.6) Fighting
 - Level 8.0 Dodging
 - Level 2.4 Stealth
 - Level 14.2(15.4) Spellcasting
 + Level 7.9(9.2) Conjurations
 * Level 6.1(8.0) Transmutations
 + Level 8.2(10.2) Fire Magic
 + Level 8.2(10.1) Ice Magic
 * Level 2.8(4.4) Air Magic
 + Level 7.9(9.9) Poison Magic


You had 9 spell levels left.
You knew the following spells:

 Your Spells              Type           Power      Damage    Failure   Level
a - Foxfire               Conj/Fire      100%       2x1d9     1%          1
b - Frozen Ramparts       Ice            100%       1d16      1%          3
c - Conjure Flame         Conj/Fire      63%        6-21      1%          3
d - Scorch                Fire           100%       2d10      1%          2
e - Inner Flame           Hex/Fire       46%        N/A       1%          3
f - Mephitic Cloud        Conj/Pois/Air  74%        N/A       1%          3
g - Fulminant Prism       Conj/Hex       22%        3d13      3%          4
h - Freezing Cloud        Conj/Ice/Air   37%        6-21      2%          5
s - Ignite Poison         Fire/Tmut/Pois 62%        N/A       1%          3
v - Poisonous Vapours     Pois/Air       100%       N/A       1%          2
x - Olgreb's Toxic Radia  Pois           64%        N/A       1%          4

Your spell library contained the following spells:

 Spells                   Type           Power      Damage    Failure   Level
 Freeze                   Ice            100%       1d11      1%          1
 Magic Dart               Conj           100%       1d8       1%          1
 Sting                    Tmut/Pois      100%       1d8       1%          1
 Searing Ray              Conj           100%       2d8       1%          2
 Flame Wave               Conj/Fire      63%        2d15      1%          4
 Hailstorm                Conj/Ice       63%        3d13      1%          4
 Sandblast                Erth           42%        2d11      2%          1
 Slow                     Hex            80%        N/A       2%          1
 Call Canine Familiar     Summ           20%        N/A       8%          3
 Confusing Touch          Hex            20%        N/A       8%          3
 Portal Projectile        Hex/Tloc       40%        N/A       8%          3
 Summon Guardian Golem    Hex/Summ       20%        N/A       8%          3
 Vampiric Draining        Necr           20%        2d7       8%          3
 Summon Lightning Spire   Summ/Air       47%        N/A       11%         4
 Leda's Liquefaction      Hex/Erth       10%        N/A       24%         4
 Orb of Destruction       Conj           30%        9d10      45%         7
 Statue Form              Tmut/Erth      27%        N/A       58%         6
 Storm Form               Tmut/Air       34%        N/A       86%         7
 Spellforged Servitor     Conj/Summ      22%        N/A       98%         7
 Maxwell's Capacitive Co  Air            29%        ∞         100%        8


Dungeon Overview and Level Annotations

Branches:
Dungeon (11/15) Zot: 24950  Temple (1/1) D:7 Zot: 5741    Lair (0/5) D:10
    Orc (2/2) D:11 Zot: 11258     Elf (0/3) Orc:2        Bailey (visited)
Gauntlet (visited)

Altars:
Ashenzari
Cheibriados
Dithmenos
Elyvilon
Fedhas
Gozag
Hepliaklqana
Kikubaaqudgha
Makhleb
Nemelex Xobeh
Okawaru
Qazlal
Ru
Sif Muna
Trog
Uskayaw
Vehumet
Wu Jian
Xom
Yredelemnul
Zin
The Shining One

Shops:
D:2 :   D:7 !   D:9 [

Annotations:
D:5 exclusion: downstairs
D:8 6 transporters


Message History

You begin to radiate toxic energy.
The orc priest is poisoned.
The orc knight is poisoned.
The orc wizard is poisoned.
The orc high priest is poisoned.
The orc sorcerer is poisoned.
The orc warrior is poisoned. x2; The orc knight looks even sicker.
The orc wizard looks even sicker.
The orc warrior looks even sicker.
The orc knight roars a battlecry!
The orcs go into a battle-frenzy!
The orc sorcerer hits you with a +0 dagger.
An orc high priest comes into view. It is wielding a +0 hand axe.
The orc priest calls upon Beogh to heal the orc knight.
The orc knight's wounds heal themselves!
The orc warrior shoots a bolt.
The bolt hits you!!
* * * LOW HITPOINT WARNING * * *
You hear a shout! x3
You take 21 damage, and have 13/80 hp.
MASSIVE DAMAGE!!
You now have 39/43 mp.
Casting: Olgreb's Toxic Radiance (safe; 1% risk of failure)
Confirm with . or Enter, or press ? or * to list all spells.
You ignite the poison in your surroundings!
The orc sorcerer seems to burn from within!
The orc sorcerer is heavily wounded.
The orc warrior seems to burn from within!
The orc warrior is almost dead.
The orc high priest seems to burn from within!!
The orc high priest is severely wounded.
The orc knight seems to burn from within!!
The orc knight is heavily wounded.
The orc wizard seems to burn from within!!!
You kill the orc wizard!
The orc warrior seems to burn from within!
The orc warrior is severely wounded.
The orc priest seems to burn from within!
The orc priest is almost dead.
You kill the orc priest!
The orc knight is poisoned.
The orc high priest is poisoned. x2
The orc sorcerer is poisoned.
The orc warrior is poisoned. x2
You kill the orc warrior!
The orc high priest utters an invocation to Beogh.
The orc sorcerer casts a spell at you. The bolt of fire hits you!
You die...

*,,,,,,,,* #.))).)##*,...
*...o○,,,**#.......#*,,..
*.....,,,,*#.........,,*.
*÷.÷÷.),,{##.......##.*,.
*#..)÷o,{*#.)..##..#,,.,.
*#.o3o#*##...##*....,*,.
#..÷..##....#**,...*,,.
**#.)o).)..##*,,,..**,#
##..@...## **,,,***,*
###..)## ******,,, #####
*,,,# ****,,,# **,*,*,*,
*****,,,,,,,,
*****,,,,,,,,,,,,
**,*,*,*,,,*,,,,**
*,,,,,,,*,*,,,,,**


You could see an orc knight (poisoned), 2 orc high priests, a smoke demon
(summoned), an orc sorcerer (strong, poisoned) and an orc warrior (strong,
poisoned).

Vanquished Creatures
  An orc warlord (Bailey)
  A minotaur (Gauntlet)
  A blizzard demon (Gauntlet)
  Josephine (Orc:1)
  Erolcha (D:11)
  A hydra (D:11)
  2 two-headed ogres
  A hell hog (Gauntlet)
  2 orc knights
  An orc sorcerer (Orc:2)
  A cyclops (Orc:1)
  Maggie (D:9)
  A gargoyle (D:9)
  2 komodo dragons
  A troll (D:10)
  2 hornets (Gauntlet)
  3 wraiths (Orc:1)
  A vampire (D:11)
  A basilisk (D:10)
  18 yaks
  3 fire bats (Gauntlet)
  2 wyverns
  2 steam dragons
  Edmund (D:5)
  2 wargs
  A hell hound (Gauntlet)
  2 acid dragons
  A water moccasin (D:10)
  29 orc warriors
  A sky beast (D:6)
  An ice beast (D:5)
  6 black bears
  An ogre (D:5)
  3 centaurs
  3 kobold brigands
  4 bullfrogs
  3 necrophages
  2 gnoll sergeants
  3 scorpions
  24 wights
  10 howler monkeys
  3 electric eels (D:10)
  3 hounds
  A gnoll bouda (D:9)
  16 orc priests
  Crazy Yiuf (D:3)
  Ijyb (D:4)
  2 iguanas
  20 orc wizards
  15 gnolls
  6 adders
  A shadow imp (D:8)
  A worm (D:4)
  5 dart slugs
  89 orcs
  7 ball pythons
  2 endoplasms (D:4)
  A giant cockroach (D:4)
  20 goblins
  18 hobgoblins
  3 quokkas
  5 bats
  A frilled lizard (D:3)
  17 kobolds
  2 rats
387 creatures vanquished.

Vanquished Creatures (others)
  718 foxfires
  A fulminant prism (Gauntlet)
  33 fungi
  50 plants (D:10)
802 creatures vanquished.

Grand Total: 1189 creatures vanquished

Notes
Turn   | Place    | Note
-------+----------+-------------------------------------------
     0 | D:1      | Psyclone the Deep Elf Fire Elementalist began the quest for
                  | the Orb.
     0 | D:1      | Reached XP level 1. HP: 10/10 MP: 6/6
   658 | D:2      | Found Weil's Book Boutique.
   725 | D:2      | Found a faded altar of an unknown god.
   770 | D:2      | Reached XP level 2. HP: 15/15 MP: 2/8
  1550 | D:3      | Reached skill level 4 in Spellcasting
  1550 | D:3      | Reached XP level 3. HP: 10/19 MP: 11/11
  1590 | D:3      | Learned a level 3 spell: Frozen Ramparts
  1594 | D:3      | Learned a level 3 spell: Conjure Flame
  1598 | D:3      | Learned a level 3 spell: Inner Flame
  1665 | D:3      | Reached skill level 5 in Spellcasting
  1665 | D:3      | Reached skill level 1 in Ice Magic
  1665 | D:3      | Reached XP level 4. HP: 21/24 MP: 13/13
  2029 | D:3      | Found an ornate altar of the Wu Jian Council.
  2035 | D:3      | Noticed a spectral centipede
  2035 | D:3      | Noticed a spectral black mamba
  2035 | D:3      | Noticed a spectral cane toad
  2420 | D:3      | Found a runed translucent door.
  2431 | D:3      | Noticed Crazy Yiuf
  2870 | D:2      | Identified a scroll of acquirement
  2870 | D:2      | Acquired 838 gold pieces
  2876 | D:2      | Bought a Young Poisoner's Handbook for 200 gold pieces
  2876 | D:2      | Bought a Trismegistus Codex for 280 gold pieces
  2885 | D:2      | Learned a level 2 spell: Poisonous Vapours
  2951 | D:4      | Reached XP level 5. HP: 28/28 MP: 14/14
  3046 | D:4      | Noticed Ijyb
  3058 | D:4      | Killed Ijyb
  3471 | D:4      | Found a sacrificial altar of Ru.
  3539 | D:4      | Reached skill level 6 in Spellcasting
  3747 | D:4      | Reached skill level 1 in Poison Magic
  3747 | D:4      | Reached XP level 6. HP: 32/32 MP: 17/17
  4001 | D:4      | Found a white marble altar of Elyvilon.
  4127 | D:4      | Found a shimmering altar of Xom.
  4128 | D:4      | Found a hazy altar of Hepliaklqana.
  4129 | D:4      | Noticed a spectral ugly thing
  4267 | D:5      | Entered Level 5 of the Dungeon
  4383 | D:5      | Learned a level 3 spell: Ignite Poison
  4510 | D:5      | Reached XP level 7. HP: 37/37 MP: 15/18
  4524 | D:5      | Reached skill level 1 in Transmutations
  4973 | D:5      | Noticed Edmund
  4986 | D:5      | Killed Edmund
  4987 | D:5      | Reached skill level 1 in Fighting
  5537 | D:6      | Found a hide-covered altar of Uskayaw.
  6150 | D:3      | Killed Crazy Yiuf
  6151 | D:3      | Reached XP level 8. HP: 43/43 MP: 19/19
  6412 | D:6      | Reached skill level 7 in Spellcasting
  6412 | D:6      | Reached skill level 5 in Fire Magic
  6412 | D:6      | Reached skill level 5 in Ice Magic
  6412 | D:6      | Reached skill level 5 in Poison Magic
  6714 | D:6      | Learned a level 2 spell: Scorch
  6923 | D:6      | Identified the +1 ring mail of Sorcery {Int+5}
  8066 | D:7      | Reached XP level 9. HP: 38/49 MP: 9/22
  8067 | D:7      | Reached skill level 5 in Dodging
  8243 | D:6      | Learned a level 4 spell: Olgreb's Toxic Radiance
  8626 | D:7      | Reached skill level 8 in Spellcasting
  9102 | D:7      | Found Guepsas's Distillery.
  9252 | D:7      | Found an opulent altar of Gozag.
  9252 | D:7      | Found a stormy altar of Qazlal.
  9253 | D:7      | Found a shadowy altar of Dithmenos.
  9483 | D:7      | Found a staircase to the Ecumenical Temple.
  9525 | Temple   | Entered the Ecumenical Temple
  9756 | Temple   | Became a worshipper of Ashenzari the Shackled
  9878 | D:8      | Found a flagged portal.
  9949 | D:8      | Found a transporter.
  9950 | D:8      | Found a transporter.
  9995 | Bailey   | Entered a bailey
 10615 | Bailey   | Reached XP level 10. HP: 58/58 MP: 24/24
 10707 | Bailey   | Noticed an orc warlord
 10716 | Bailey   | Killed an orc warlord
 10717 | Bailey   | Reached skill level 9 in Spellcasting
 10972 | D:8      | Found a transporter.
 11058 | D:8      | Found a transporter.
 11183 | D:8      | Reached skill level 5 in Fighting
 11270 | D:8      | Noticed a two-headed ogre
 11280 | D:8      | Killed a two-headed ogre
 11561 | D:8      | Found a transporter.
 11741 | D:8      | Found a transporter.
 11928 | D:8      | Found a snail-covered altar of Cheibriados.
 12063 | D:9      | Noticed Maggie
 12066 | D:9      | Killed Maggie
 12220 | D:9      | Learned a level 3 spell: Mephitic Cloud
 12223 | D:9      | Found Sajoudun's Antique Armour Emporium.
 12478 | D:9      | Noticed a gargoyle
 12500 | D:9      | Killed a gargoyle
 12710 | D:9      | Found an iron altar of Okawaru.
 12762 | D:9      | Reached skill level 10 in Spellcasting
 12762 | D:9      | Reached XP level 11. HP: 64/64 MP: 22/27
 13058 | D:9      | Reached XP level 12. HP: 73/73 MP: 28/28
 13065 | D:10     | Entered Level 10 of the Dungeon
 13400 | D:10     | Found a staircase to the Lair.
 13411 | D:10     | Reached skill level 5 in Transmutations
 13664 | D:10     | Found a radiant altar of Vehumet.
 13788 | D:10     | Noticed a two-headed ogre
 13796 | D:10     | Killed a two-headed ogre
 14273 | D:11     | Found a staircase to the Orcish Mines.
 14282 | D:11     | Noticed a five-headed hydra
 14284 | D:11     | Reached skill level 11 in Spellcasting
 14292 | D:11     | Killed a five-headed hydra
 15093 | D:11     | Reached skill level 12 in Spellcasting
 15174 | D:11     | Reached * piety under Ashenzari
 15294 | D:11     | Noticed Erolcha
 15305 | D:11     | Killed Erolcha
 15804 | Orc:1    | Entered Level 1 of the Orcish Mines
 15808 | Orc:1    | Reached skill level 13 in Spellcasting
 15852 | Orc:1    | Noticed Josephine
 15855 | Orc:1    | Killed Josephine
 16041 | Orc:1    | Reached skill level 14 in Spellcasting
 16587 | D:2      | Bought a book of Conjurations for 200 gold pieces
 16595 | D:2      | Learned a level 4 spell: Fulminant Prism
 16601 | D:2      | Learned a level 5 spell: Freezing Cloud
 16827 | Orc:2    | Entered Level 2 of the Orcish Mines
 16891 | Orc:2    | Found a staircase to the Elven Halls.
 16893 | Orc:2    | Found a gate leading to a gauntlet.
 16916 | Gauntlet | Entered a Gauntlet
 16916 | Gauntlet | Found a transporter.
 16916 | Gauntlet | Found a transporter.
 16916 | Gauntlet | Found a transporter.
 16940 | Gauntlet | Found a transporter.
 16946 | Gauntlet | Noticed an entropy weaver
 16960 | Gauntlet | Found a transporter.
 16964 | Gauntlet | Found a transporter.
 16984 | Gauntlet | Found a transporter.
 16993 | Gauntlet | Identified the +0 helmet of the Catamount {SInv}
 16999 | Gauntlet | Found a large runed translucent door.
 17000 | Gauntlet | Found a large runed translucent door.
 17001 | Gauntlet | Found a large runed translucent door.
 17001 | Gauntlet | Found a large runed translucent door.
 17001 | Gauntlet | Noticed a blizzard demon
 17002 | Gauntlet | Found a large runed translucent door.
 17002 | Gauntlet | Found a large runed translucent door.
 17002 | Gauntlet | Found a runed translucent gate.
 17002 | Gauntlet | Found a runed translucent door.
 17002 | Gauntlet | Identified Isutyxam's Papyrus of the Caves
 17003 | Gauntlet | Found a large runed translucent door.
 17004 | Gauntlet | Found a large runed translucent door.
 17018 | Gauntlet | Noticed a hell hog
 17039 | Gauntlet | Found a transporter.
 17039 | Gauntlet | Found a transporter.
 17055 | Gauntlet | Found a transporter.
 17057 | Gauntlet | Found a transporter.
 17059 | Gauntlet | Found a runed translucent door.
 17060 | Gauntlet | Found a large runed translucent door.
 17060 | Gauntlet | Found a large runed translucent door.
 17060 | Gauntlet | Found a large runed translucent door.
 17061 | Gauntlet | Found a large runed translucent door.
 17062 | Gauntlet | Found a large runed translucent door.
 17063 | Gauntlet | Found a large runed translucent door.
 17064 | Gauntlet | Found a large runed translucent door.
 17064 | Gauntlet | Found a large runed translucent door.
 17068 | Gauntlet | Found a runed translucent gate.
 17068 | Gauntlet | Found a runed translucent gate.
 17070 | Gauntlet | Found a transporter.
 17070 | Gauntlet | Identified the ring "Xushemisch" {rElec rF+}
 17216 | Gauntlet | Reached skill level 1 in Air Magic
 17278 | Gauntlet | Killed a hell hog
 17279 | Gauntlet | Reached XP level 13. HP: 43/80 MP: 27/34
 17569 | Gauntlet | Killed a blizzard demon
 17688 | Gauntlet | Noticed a minotaur
 17697 | Gauntlet | Killed a minotaur
 17741 | Orc:2    | Reached ** piety under Ashenzari
 17849 | Orc:2    | Killed from afar by an orc sorcerer

Illustrated notes

Levels and vault maps discovered:
D:1:      dpeg_arrival_lava_temple_mockup, layout_basic
D:2:      layout_loops_ring, shapermc_ecumenical_altar_starsandcircs,
          serial_shops, nicolae_shop_window_shopping
D:3:      layout_loops_ring, pdpol_wu_jian_five_deadly_venoms, corexii_shack,
          uniq_crazy_yiuf_cottage
D:4:      layout_basic, regret_index_temple_of_mockery, hangedman_ru_absence,
          lemuel_tele_altar, uniq_ijyb
D:5:      layout_loops_cross, uniq_edmund
D:6:      layout_cave_pods, amcnicky_altar_gilded
D:7:      layout_cave_pools, gammafunk_temple_overflow_claw,
          minmay_temple_entry_statues_pillars, serial_shops,
          nicolae_shop_statue_plus
D:8:      layout_rooms, kennysheep_mini, enter_bailey_8, serial_nicolae_subway,
          nicolae_sub_station_metal, nicolae_sub_station_stone,
          nicolae_sub_station_crystal
D:9:      layout_roguey, mainiacjoe_overflow_alcove_2, serial_shops, shop,
          uniq_maggie
D:10:     layout_cave_pools, nicolae_vehumet_altar_sigil,
          due_lair_maze_entry_diamond, kennysheep_minor_cross, dk_vineyard_3,
          disabler_island
D:11:     layout_big_octagon, david_orc_5, serial_co_window_serial,
          co_window_paths_b, co_window_paths_b, co_window_paths_a,
          co_window_paths_a, co_window_paths_b, co_window_cross_1,
          co_window_corner_b, co_window_unsneaky_path_e, co_window_2corner,
          co_window_2corner, co_window_broadway_c, co_window_broadway_b,
          co_window_cross_3, glass_columns_b, glass_columns_a, glass_columns_c,
          glass_columns_a, glass_columns_a, uniq_erolcha
Temple:   dpeg_chambers_temple
Orc:1:    layout_diamond_mine, serial_shops, shop, uniq_josephine
Orc:2:    grunt_orc_tribal_feast, layout_caves, serial_shops,
          nicolae_shop_advertising_works [nicolae_subvault_shop_adworks],
          gauntlet_entry_generic, kennysheep_orc_sif_temple, uniq_sonja

Skill      XL: |  1  2  3  4  5  6  7  8  9 10 11 12 13 |
---------------+----------------------------------------+-----
Spellcasting   | 4 5 6 7 8 10 14 | 14.2
Fire Magic     | 4 5 6 7 8 |  8.2
Ice Magic      | 1 2 4 5 6 7 8 |  8.2
Poison Magic   | 1 4 5 6 7 |  7.9
Transmutations | 2 3 5 6 |  6.1
Dodging        | 3 4 7 8 |  8.0
Fighting       | 1 2 4 5 8 |  8.3
Conjurations   | 6 7 |  7.9
Air Magic      | 1 2 |  2.8
Stealth        | |  2.4

Action                   |  1- 3 |  4- 6 |  7- 9 | 10-12 | 13-15 || total
-------------------------+-------+-------+-------+-------+-------++-------
Melee: Dagger            |     4 |     1 |    12 |       |       ||    17
       Short sword       |       |    13 |     8 |       |       ||    21
       Staff             |       |       |       |     2 |       ||     2
 Cast: Foxfire           |    43 |   128 |   180 |    65 |     5 ||   421
       Frozen Ramparts   |       |     7 |    40 |    19 |     2 ||    68
       Poisonous Vapours |       |     3 |    33 |    32 |     1 ||    69
       Conjure Flame     |       |       |     6 |    19 |     1 ||    26
       Ignite Poison     |       |       |    12 |    66 |     8 ||    86
       Scorch            |       |       |     2 |    18 |     1 ||    21
       Olgreb's Toxic Ra |       |       |    14 |    63 |     9 ||    86
       Mephitic Cloud    |       |       |       |     1 |     1 ||     2
       Freezing Cloud    |       |       |       |     1 |       ||     1
       Fulminant Prism   |       |       |       |       |     1 ||     1
Invok: Curse Item        |       |       |       |     2 |     1 ||     3
  Use: Scroll            |       |     1 |     2 |       |     1 ||     4
       Potion            |       |       |       |     1 |       ||     1
Armor: Robe              |     8 |     7 |    11 |    13 |     8 ||    47
Dodge: Dodged            |     3 |    12 |    38 |    50 |     9 ||   112
